Map: Old Sun Temple LE

Players

Alex - Winner!

  • Race: Terran Terran
  • League: Diamond

IIIIIIIIIII

  • Race: Terran Terran
  • League: Diamond

VOD

Have the link to the VOD?

Description

Time

  • Played on: June 24, 2026, 12:33 p.m.
  • Length: 19:38
Show
View Real Time Build Order
Export as new Build Order

Alex Terran - Winner!

Build Orders: Mech 

Get SALT Encoding   

  8  0:00  SCV  
  9  0:12  SCV  
  10  0:24  SCV  
  11  0:29  Supply Depot  
  11  0:36  SCV  
  12  0:48  SCV  
  13  0:56  Barracks  
  13  1:02  SCV  
  14  1:11  Refinery  
  14  1:14  SCV  
  15  1:26  SCV  
  16  1:38  SCV  
  17  1:46  Marine  
  18  1:51  Orbital Command  
  18  1:58  Supply Depot  
  18  2:05  Marine  
  19  2:17  SCV  
  20  2:29  SCV  
  21  2:36  Command Center  
  21  2:39  Marine  
  23  2:44  SCV  
  23  2:56  SCV, Refinery  
  23  2:57  Marine  
  24  3:08  Factory, SCV  
  25  3:16  Marine  
  26  3:20  SCV  
  27  3:32  SCV  
  28  3:36  Marine  
  29  3:47  SCV  
  29  3:48  Orbital Command  
  30  3:50  Bunker  
  30  3:51  Factory Tech Lab  
  30  4:00  SCV  
  31  4:11  Siege Tank  
  31  4:12  SCV  
  35  4:17  Starport  
  35  4:18  SCV  
  35  4:22  Supply Depot  
  35  4:24  SCV  
  37  4:30  SCV  
  38  4:36  SCV  
  39  4:43  SCV  
  39  4:44  Cyclone, Refinery  
  43  4:45  Supply Depot  
  43  4:48  SCV  
  44  4:54  Starport Reactor  
  44  4:55  SCV  
  45  5:00  SCV  
  47  5:07  SCV  
  47  5:12  SCV, Engineering Bay  
  48  5:16  Siege Tank  
  48  5:19  Supply Depot  
  51  5:22  SCV  
  51  5:24  SCV  
  53  5:29  Refinery  
  53  5:34  Factory  
  53  5:36  Viking x2  
  53  5:39  SCV  
  53  5:41  SCV  
  59  5:46  Supply Depot  
  59  5:51  SCV  
  59  5:53  SCV  
  61  5:59  Siege Tank  
  64  6:06  Missile Turret, Viking  
  64  6:08  Viking  
  64  6:10  SCV x2  
  64  6:11  Missile Turret  
  70  6:18  Missile Turret  
  70  6:21  Factory Tech Lab  
  70  6:22  SCV x2  
  72  6:29  Factory  
  72  6:30  Missile Turret  
  72  6:34  SCV x2  
  72  6:38  Armory  
  74  6:57  Command Center  
  74  7:02  Supply Depot x2  
  74  7:05  Supply Depot x2  
  74  7:06  Infernal Pre-Igniter  
  74  7:07  Mag-Field Accelerator  
  74  7:15  Factory  
  74  7:23  Viking, SCV x2, Siege Tank  
  74  7:26  Terran Vehicle Weapons Level 1  
  81  7:30  Supply Depot  
  81  7:35  Factory Tech Lab, SCV x2  
  81  7:36  Starport  
  83  7:38  Starport  
  83  7:40  Siege Tank  
  86  7:47  SCV x2  
  88  7:59  Viking x2  
  88  8:00  SCV  
  66  8:29  Planetary Fortress  
  66  8:31  Siege Tank  
  66  8:32  Siege Tank  
  66  8:33  Viking  
  74  8:36  Factory Tech Lab  
  74  8:42  SCV x2  
  76  9:07  Missile Turret  
  76  9:25  SCV x2  
  76  9:29  Starport Reactor x2  
  78  9:31  Siege Tank  
  78  9:32  Siege Tank  
  78  9:34  Drilling Claws  
  78  9:35  Factory  
  78  9:36  Smart Servos  
  84  9:46  Refinery  
  84  9:47  Refinery  
  84  9:49  Sensor Tower  
  84  9:54  Sensor Tower  
  84  9:57  Supply Depot  
  84  10:00  SCV  
  84  10:01  SCV x2  
  84  10:03  Terran Vehicle Weapons Level 2  
  84  10:05  Missile Turret  
  87  10:11  Hi-Sec Auto Tracking  
  87  10:12  SCV  
  87  10:13  SCV  
  89  10:21  Supply Depot  
  89  10:24  Liberator  
  90  10:44  Supply Depot  
  90  10:52  Command Center  
  90  10:55  Factory Tech Lab  
  90  10:56  Factory  
  90  10:58  Command Center  
  90  10:59  Siege Tank x2, Command Center, Widow Mine x2  
  100  11:07  Supply Depot  
  100  11:08  SCV x2  
  102  11:21  Widow Mine x2  
  106  11:31  Widow Mine  
  101  11:56  SCV, Missile Turret  
  101  11:57  Thor x3, Missile Turret, Hellion x2  
  114  12:26  Liberator x2, Viking x2  
  114  12:27  Hellion x3  
  127  12:37  Orbital Command  
  127  12:40  Hellion x3  
  127  12:41  SCV  
  127  12:42  Missile Turret, SCV x2  
  127  12:43  Terran Vehicle And Ship Armor Level 1  
  137  12:46  Orbital Command  
  137  12:48  Hellion x3  
  140  12:52  SCV  
  140  12:55  Viking  
  140  12:56  Viking  
  145  13:23  Liberator x2, Viking  
  145  13:24  Viking  
  145  13:25  Liberator  
  158  13:30  Orbital Command  
  158  13:36  SCV  
  158  13:37  SCV  
  158  13:38  SCV  
  158  13:39  SCV x2  
  157  13:48  SCV  
  148  13:57  Viking x2, Missile Turret  
  148  13:58  Viking  
  148  14:00  Missile Turret  
  148  14:02  Missile Turret  
  154  14:03  Missile Turret  
  154  14:04  Hellion x2  
  154  14:08  SCV  
  159  14:17  SCV x2  
  159  14:20  SCV  
  160  14:25  Missile Turret  
  129  14:48  Siege Tank x3, Widow Mine  
  129  14:49  Siege Tank, Widow Mine  
  141  15:10  Siege Tank, SCV x3, Widow Mine  
  149  15:16  Refinery  
  149  15:17  SCV  
  149  15:18  SCV, Refinery  
  149  15:20  Siege Tank x2, Widow Mine  
  161  15:21  Widow Mine  
  161  15:27  Missile Turret x2  
  161  15:28  Missile Turret x2  
  161  15:31  Hellion  
  161  15:32  Sensor Tower  
  161  15:34  Terran Vehicle And Ship Armor Level 2, Supply Depot  
  161  15:35  Supply Depot  
  163  15:38  Fusion Core  
  163  15:39  Orbital Command  
  163  15:41  Siege Tank  
  163  15:42  Siege Tank, Hellion  
  171  15:46  Missile Turret  
  171  15:47  Missile Turret  
  170  15:53  Hellion  
  150  16:17  Thor x2  
  150  16:18  Hellion, Viking x3  
  162  16:22  SCV  
  162  16:23  SCV  
  168  16:27  Refinery  
  168  16:30  SCV x2  
  170  16:34  Armory  
  170  16:36  Command Center  
  170  17:06  Command Center  
  170  17:09  Command Center  
  170  17:10  SCV x2  
  170  17:12  Command Center  
  172  17:17  Refinery  
  172  17:19  SCV, Refinery  
  173  17:23  Siege Tank  
  173  17:24  Viking  
  176  17:30  Missile Turret  
  176  17:32  Missile Turret  
  176  17:34  Siege Tank, Sensor Tower  
  176  17:35  Siege Tank x2, Widow Mine x2  
  189  17:47  Liberator  
  189  17:48  Viking x3  
  189  17:49  Command Center  
  192  18:14  Siege Tank  
  192  18:15  Siege Tank x2, Widow Mine x3, Viking  
  175  18:43  Planetary Fortress  
  172  18:50  Command Center, Siege Tank  
  172  18:51  Siege Tank x2, Hellion x3  
  172  18:52  Liberator x2, Viking  
  195  18:59  Missile Turret  
  195  19:00  SCV  
  191  19:07  SCV  
  192  19:12  Hellion  
Show
View Real Time Build Order
Export as new Build Order

IIIIIIIIIII Terran 

Build Orders:  

Get SALT Encoding   

  8  0:01  SCV  
  9  0:13  SCV  
  10  0:25  SCV  
  11  0:36  Supply Depot  
  11  0:37  SCV  
  12  0:49  SCV  
  13  0:59  Barracks  
  13  1:01  SCV  
  14  1:06  Refinery  
  14  1:13  SCV  
  14  1:17  Refinery  
  15  1:25  SCV  
  16  1:37  SCV  
  17  1:47  Reaper  
  18  1:50  Orbital Command  
  18  2:04  Factory  
  18  2:14  Supply Depot  
  18  2:17  SCV  
  18  2:21  Reaper  
  20  2:29  SCV  
  21  2:41  SCV  
  22  2:48  Hellion  
  24  2:53  SCV  
  25  3:03  Barracks Reactor  
  25  3:07  SCV  
  25  3:08  Starport  
  25  3:11  Widow Mine  
  28  3:17  Supply Depot  
  28  3:19  SCV  
  29  3:34  Factory Tech Lab  
  29  3:38  SCV  
  29  3:41  Marine x2  
  30  3:45  Supply Depot  
  32  3:50  SCV  
  32  3:55  Command Center  
  33  4:02  Cyclone, Starport Tech Lab, SCV  
  36  4:09  Supply Depot  
  37  4:11  Marine  
  37  4:12  Marine  
  37  4:15  SCV  
  40  4:20  Supply Depot  
  40  4:26  Raven  
  40  4:27  SCV  
  40  4:29  Marine  
  40  4:31  Marine  
  45  4:39  SCV  
  45  4:43  Siege Tank  
  49  4:51  SCV  
  50  4:59  Marine x2  
  51  5:03  SCV  
  53  5:08  Refinery  
  53  5:09  Refinery  
  53  5:10  Raven  
  53  5:13  Orbital Command  
  55  5:15  SCV  
  56  5:27  SCV  
  57  5:39  SCV, Command Center  
  58  5:43  Marine x2  
  58  5:46  SCV  
  61  5:51  SCV  
  61  5:53  Siege Tank  
  65  5:57  Interference Matrix  
  65  5:58  SCV  
  65  6:01  Marine  
  67  6:09  Raven  
  67  6:11  SCV  
  70  6:13  Marine  
  70  6:14  Supply Depot  
  71  6:19  Marine  
  72  6:31  SCV x2  
  74  6:36  Siege Tank, Marine  
  74  6:37  Supply Depot  
  78  6:42  Marine  
  78  6:45  Raven  
  78  6:46  SCV  
  82  6:51  SCV  
  82  6:52  Supply Depot  
  83  6:54  Marine  
  83  6:55  SCV  
  83  6:58  SCV  
  86  7:03  Marine  
  87  7:12  Marine  
  88  7:18  Siege Tank, SCV  
  88  7:19  SCV  
  88  7:21  Marine  
  94  7:30  Marine  
  94  7:32  Barracks  
  95  7:41  Marine  
  95  7:42  Viking  
  98  7:47  Marine  
  98  7:50  Siege Tank  
  93  8:05  Marine  
  93  8:10  Marine  
  83  8:16  Viking  
  81  8:22  Siege Tank  
  81  8:23  Marine x2  
  76  8:28  Marine  
  76  8:30  SCV  
  76  8:32  Starport  
  78  8:36  Barracks  
  78  8:41  Marine  
  77  8:46  Viking  
  77  8:48  Starport  
  77  8:52  SCV x2  
  77  8:53  Barracks  
  77  8:54  Orbital Command  
  76  9:03  Marine x3  
  76  9:04  SCV x2  
  81  9:10  Siege Tank  
  81  9:15  Starport Reactor  
  81  9:16  SCV x2  
  86  9:20  Barracks  
  86  9:21  Marine x3  
  89  9:25  Viking x2  
  89  9:28  SCV  
  89  9:30  SCV  
  95  9:42  Marine  
  96  9:45  Marine  
  96  9:46  Refinery  
  97  9:54  Siege Tank  
  97  9:55  Viking x2, Liberator, Marine x2  
  109  10:00  Marine  
  109  10:03  Marine  
  109  10:04  Supply Depot  
  111  10:22  Armory  
  111  10:23  Barracks Reactor  
  111  10:25  Barracks Tech Lab, Marine x2, Liberator, Viking, SCV  
  119  10:29  Supply Depot  
  119  10:38  Siege Tank  
  119  10:40  Viking  
  109  10:43  Viking  
  109  10:49  Marine x4, Command Center  
  114  10:52  Supply Depot  
  114  10:54  Stimpack  
  114  10:55  Viking  
  117  10:59  Marine x2, Engineering Bay  
  119  11:08  Viking  
  119  11:10  Siege Tank, Viking  
  119  11:11  Engineering Bay  
  126  11:24  Marine x2  
  109  11:29  Marine x2  
  109  11:30  Marine x2  
  98  11:45  Viking x4  
  98  11:46  Marine x2  
  98  11:51  Marine x2  
  98  11:52  Marine x2  
  98  12:04  Siege Tank, Marine x2  
  98  12:05  SCV x3  
  106  12:09  Marine  
  106  12:15  Viking  
  104  12:17  SCV x2  
  104  12:20  Viking  
  104  12:21  Viking  
  100  12:31  Liberator  
  100  12:34  SCV x2  
  100  12:35  SCV  
  100  12:36  Refinery, Siege Tank  
  109  12:37  Barracks  
  109  12:39  Marine  
  109  12:40  Marine x3  
  113  12:46  SCV x2  
  113  12:48  Liberator  
  113  12:49  Marine  
  113  12:50  Marine  
  118  12:59  SCV  
  118  13:00  SCV x2  
  118  13:04  Liberator  
  124  13:06  Marine x2  
  124  13:07  Marine  
  124  13:12  SCV  
  128  13:14  Marine x2  
  128  13:15  Marine  
  131  13:20  Planetary Fortress  
  131  13:23  Siege Tank, Marine  
  135  13:30  Factory  
  135  13:36  Marine  
  135  13:37  Marine x3  
  135  13:38  Marine x2  
  140  13:41  Marine  
  135  13:54  Marine x2  
  135  13:55  Marine x3  
  129  13:57  Viking  
  129  13:58  Viking x3  
  138  14:06  SCV x2  
  138  14:07  SCV  
  141  14:14  Refinery  
  141  14:18  SCV x2  
  141  14:22  Marine  
  141  14:23  Marine x6  
  146  14:24  Refinery  
  146  14:27  Medivac  
  146  14:30  Command Center  
  136  14:34  Siege Tank  
  136  14:35  Factory Tech Lab  
  122  14:40  Marine x2  
  122  14:41  Marine x5  
  122  14:45  Terran Infantry Weapons Level 1  
  125  14:50  Medivac  
  124  14:56  Barracks  
  124  14:58  Marine x3  
  124  14:59  Marine x4  
  129  15:06  Siege Tank x2  
  129  15:14  Viking x2  
  129  15:16  Marine x3, SCV  
  137  15:21  Supply Depot  
  137  15:22  Supply Depot  
  137  15:23  Marine x3  
  137  15:24  Marine  
  137  15:25  Barracks  
  141  15:29  Barracks  
  141  15:33  Medivac x2  
  145  15:35  Terran Infantry Armor Level 1  
  145  15:38  Siege Tank  
  145  15:41  Marine x4  
  152  15:43  Barracks  
  152  15:45  Supply Depot  
  141  15:58  Marine x2  
  141  15:59  Marine x2  
  139  16:07  Marine x2  
  120  16:15  Barracks  
  120  16:16  Marine  
  120  16:17  Marine x4  
  120  16:18  Marine x2  
  102  16:25  Marine  
  105  16:26  Medivac x4  
  105  16:28  Marine  
  105  16:29  Siege Tank x2  
  120  16:32  Supply Depot  
  120  16:34  Marine x2  
  120  16:35  Marine x3  
  120  16:36  Marine x2  
  120  16:37  Barracks  
  127  16:42  Supply Depot  
  127  16:43  Marauder  
  127  16:45  Barracks Tech Lab  
  129  16:48  Refinery  
  129  16:56  Medivac x2, Marine x4, Fusion Core  
  129  16:57  Marine x3  
  140  17:01  Siege Tank x2  
  140  17:04  Terran Infantry Weapons Level 2, Marauder  
  148  17:08  Barracks Tech Lab  
  148  17:10  Concussive Shells  
  148  17:13  Combat Shield  
  148  17:14  Refinery, SCV x2  
  150  17:26  Marauder  
  152  17:30  Marine x3  
  152  17:31  Marine x9  
  164  17:37  Siege Tank  
  164  17:44  Missile Turret  
  166  17:47  Planetary Fortress, Marauder  
  166  17:48  Marine x3  
  166  17:49  Marine  
  172  17:51  Command Center  
  164  18:00  Marine x2  
  164  18:01  Marine  
  164  18:03  Sensor Tower  
  134  18:07  Marine x2  
  134  18:08  Marine  
  116  18:13  Marine  
  116  18:14  Marauder  
  116  18:15  Marauder, Siege Tank x2  
  116  18:18  Marine x2  
  116  18:19  Marine x2  
  127  18:25  Marine x2  
  107  18:36  Marine x2  
  107  18:37  Marauder x2  
  107  18:40  Marine x3  
  107  18:44  SCV x2  
  108  18:57  Marine x3  
  108  18:58  Marine  
  108  18:59  Siege Tank  
  115  19:02  Marine  
  115  19:03  Marine  
  115  19:09  SCV x3  
  120  19:16  Marine  
Tags
 
Composition
Mech
Matchup
ТvТ
Add a new tag
Caveats
  • Supply blocks, unpowered buildings, or Contaminate may cause inaccurate times.
  • Supply counts are checked every 10 seconds.